Map: Lerilak Crest

Players

LilDicky - Winner!

  • Race: Terran Terran
  • League: Diamond

Phoenix

  • Race: Terran Terran
  • League: Diamond

VOD

http://www.twitch.tv/tumescentpie

Description

Time

  • Played on: Dec. 20, 2015, 9:22 a.m.
  • Length: 9:37
Show
View Real Time Build Order
Export as new Build Order

LilDicky Terran - Winner!

Build Orders: Mech, Banshee Rush 

Get SALT Encoding   

  12  0:01  SCV  
  13  0:13  SCV  
  14  0:18  Supply Depot  
  14  0:25  SCV  
  15  0:30  Refinery  
  15  0:39  SCV  
  16  0:47  Barracks  
  16  0:51  SCV  
  17  1:03  SCV  
  18  1:23  SCV  
  19  1:36  Supply Depot  
  19  1:37  Reaper  
  21  1:40  Refinery  
  21  1:41  Orbital Command  
  20  2:07  SCV, Factory  
  21  2:10  Marine  
  22  2:19  SCV  
  23  2:29  Supply Depot  
  23  2:31  SCV  
  24  2:43  SCV  
  25  2:49  Marine  
  26  2:58  Factory Tech Lab  
  26  3:00  Starport  
  25  3:07  Marine  
  25  3:12  Engineering Bay  
  26  3:14  Supply Depot  
  26  3:22  Command Center, SCV  
  26  3:25  Marine  
  26  3:26  Widow Mine  
  30  3:42  Supply Depot, Marine  
  30  3:44  Banshee  
  30  3:46  Cloaking Field  
  34  3:51  SCV, Missile Turret  
  35  4:00  Marine  
  35  4:02  Widow Mine  
  36  4:03  SCV  
  39  4:14  Supply Depot  
  39  4:15  SCV  
  39  4:30  Banshee  
  42  4:37  SCV  
  43  4:38  Orbital Command  
  43  4:50  Missile Turret  
  43  4:53  SCV  
  43  4:58  Missile Turret  
  44  5:06  SCV  
  45  5:12  Orbital Command  
  45  5:14  Missile Turret  
  45  5:21  Refinery  
  45  5:23  SCV, Refinery  
  45  5:24  Banshee  
  49  5:40  SCV  
  50  6:02  Factory Tech Lab  
  50  6:07  Banshee  
  50  6:09  Factory  
  50  6:11  Factory  
  50  6:12  SCV x2  
  49  6:26  Siege Tank  
  52  6:36  Missile Turret  
  52  6:45  SCV x2  
  51  6:48  Marine  
  51  6:53  Factory Tech Lab  
  52  6:54  Factory Tech Lab  
  52  6:57  SCV x2  
  52  6:58  Cyclone  
  52  6:59  Supply Depot  
  52  7:00  Supply Depot  
  57  7:04  Missile Turret  
  57  7:09  Supply Depot, SCV x2  
  59  7:21  SCV x2, Marine  
  59  7:25  Terran Infantry Weapons Level 1  
  59  7:26  Supply Depot  
  59  7:27  Cyclone x2  
  65  7:30  Supply Depot  
  65  7:32  Supply Depot  
  65  7:33  SCV  
  65  7:34  Corvid Reactor, Raven  
  68  7:37  SCV  
  68  7:41  Marine  
  70  7:45  SCV  
  70  7:49  SCV  
  72  7:52  Command Center  
  72  7:56  Missile Turret  
  72  7:58  SCV  
  73  8:01  SCV  
  73  8:02  Siege Tank  
  73  8:03  Siege Tank  
  73  8:05  Missile Turret  
  80  8:08  Marine  
  80  8:10  SCV  
  80  8:11  Siege Tank  
  85  8:16  SCV, Refinery  
  85  8:17  Raven  
  88  8:22  SCV  
  88  8:25  Refinery  
  89  8:33  Missile Turret  
  89  8:35  SCV x2  
  89  8:37  Siege Tank x2  
  89  8:38  Missile Turret  
  97  8:47  SCV  
Show
View Real Time Build Order
Export as new Build Order

Phoenix Terran 

Build Orders: 1/1/1, Banshee Rush 

Get SALT Encoding   

  12  0:01  SCV  
  13  0:13  SCV  
  14  0:16  Refinery  
  14  0:25  Supply Depot  
  14  0:28  SCV  
  15  0:47  SCV  
  15  0:48  Barracks  
  16  0:59  SCV  
  17  1:21  SCV  
  18  1:30  Refinery  
  18  1:33  SCV  
  19  1:41  Factory  
  19  1:46  Orbital Command  
  19  1:48  Barracks Tech Lab  
  19  2:07  Supply Depot  
  19  2:12  SCV  
  19  2:13  Barracks Tech Lab  
  20  2:28  Starport  
  20  2:36  Starport  
  20  2:40  Hellion  
  20  2:59  Marine  
  21  3:08  Banshee  
  24  3:26  SCV  
  25  3:31  Command Center  
  25  3:35  Banshee  
  25  3:38  SCV  
  29  3:53  Cloaking Field  
  29  4:00  SCV  
  30  4:05  Supply Depot  
  30  4:25  Liberator  
  30  4:31  Widow Mine  
  30  4:35  Engineering Bay  
  32  4:39  Viking  
  32  4:40  Supply Depot  
  36  5:13  Orbital Command  
  36  5:17  SCV  
  37  5:23  Terran Infantry Weapons Level 1  
  37  5:27  Barracks  
  37  5:29  Barracks  
  35  5:40  SCV x2  
  36  5:59  Viking x2  
  36  6:00  SCV x2  
  40  6:05  Supply Depot  
  40  6:06  Barracks Reactor  
  40  6:29  SCV x2  
  42  6:46  SCV  
  43  6:47  SCV  
  43  6:49  Barracks Tech Lab, Marine x2  
  43  6:50  Barracks Tech Lab  
  45  6:55  Supply Depot  
  45  6:59  SCV  
  46  7:06  Factory Tech Lab  
  46  7:07  SCV  
  47  7:11  SCV, Starport Reactor  
  47  7:13  Missile Turret  
  47  7:24  SCV x2  
  47  7:26  Marine x2  
  47  7:27  Marauder  
  47  7:29  Stimpack  
  53  7:34  Supply Depot  
  53  7:45  Siege Tank  
  53  7:49  Liberator, Marine  
  53  7:51  Marine  
  58  8:01  SCV x2  
  63  8:17  Siege Tank  
  56  8:39  Marine x2  
  56  8:40  Marauder  
  50  8:55  Marine  
  50  8:57  Marine  
Tags
 
Add a new tag
Caveats
  • Supply blocks, unpowered buildings, or Contaminate may cause inaccurate times.
  • Supply counts are checked every 10 seconds.